 Dungeon Crawl Stone Soup version 0.31.0-2-g5a2aebc5c2 (webtiles) character file.

Game seed: 12978436714136260179

639 Xpym the Vexing (level 7, -2/67 HPs)
             Began as an Oni Hexslinger on Jan 21, 2024.
             Slain by a two-headed ogre
             ... wielding a +0 giant club
              (6 damage)
             ... on level 4 of the Dungeon.
             The game lasted 00:15:14 (4098 turns).

Xpym the Vexing (Oni Hexslinger)                    Turns: 4098, Time: 00:15:15

Health: -2/67      AC:  4    Str: 13    XL:     7   Next: 51%
Magic:  5/8        EV: 10    Int: 14    God:
Gold:   114        SH:  0    Dex: 13    Spells: 3/8 levels left

rFire   . . .        a - +1 sling
rCold   . . .        (no shield)
rNeg    + . .        c - +0 robe
rPois   .            n - +1 hat
rElec   .            (no cloak)
rCorr   .            (gloves unavailable)
SInv    .            (boots unavailable)
Will    .....        (no amulet)
Stlth   ++           N - ring of positive energy
HPRegen 0.31/turn    (no ring)
MPRegen 0.11/turn

%: no passive effects
@: weak-willed
A: large, unfitting armour, horns 1, tough skin 1, double potion healing,
drunken brawling
a: no special abilities


You were on level 4 of the Dungeon.
You visited 1 branch of the dungeon, and saw 4 of its levels.

You collected 114 gold pieces.


Innate Abilities, Weirdness & Mutations

You are too large for most types of armour.
You have a pair of small horns on your head.
You have tough skin. (AC +1)
You gain doubled healing and magic from potions.
Whenever you drink a healing potion, you attack all around you.


   Skills:
 + Level 3.2 Fighting
 + Level 3.7 Ranged Weapons
 - Level 2.3 Dodging
 + Level 1.5 Stealth
 - Level 1.2 Spellcasting
 + Level 5.0 Hexes
 + Level 1.7 Translocations
 - Level 0.8 Fire Magic


You had 3 spell levels left.
You knew the following spells:

 Your Spells              Type           Power      Damage    Failure   Level
X - Jinxbite              Hex            28%        N/A       4%          2
Y - Sigil of Binding      Hex            14%        N/A       10%         3

Your spell library contained the following spells:

 Spells                   Type           Power      Damage    Failure   Level
 Inner Flame              Hex/Fire       9%         N/A       24%         3
 Scorch                   Fire           6%         2d5       28%         2
 Sublimation of Blood     Necr           0%         N/A       36%         2
 Cause Fear               Hex            7%         N/A       32%         4
 Dimensional Bullseye     Hex/Tloc       5%         N/A       54%         4
 Flame Wave               Conj/Fire      2%         2d4       91%         4
 Petrify                  Alch/Erth      0%         N/A       95%         4
 Irradiate                Conj/Alch      0%         3d11      100%        5
 Summon Cactus Giant      Summ           0%         N/A       100%        6

Inventory:

Hand Weapons
 a - a +1 sling (weapon)
 f - a +2 dagger of venom
 k - a +1 vampiric short sword
Missiles
 d - 4 atropa-tipped darts
 q - 2 large rocks (quivered) {=f}
Armour
 c - a +0 robe (worn)
 n - a +1 hat (worn)
Jewellery
 N - a ring of positive energy (left hand)
Scrolls
 b - a scroll of brand weapon {unknown}
 g - a scroll of enchant armour {unknown}
 h - a scroll of amnesia
 l - a scroll of enchant weapon {unknown}
 o - a scroll of noise {unknown}
 p - 2 scrolls of teleportation {@r2}
Potions
 e - 3 potions of attraction
 i - a potion of invisibility
 j - 3 potions of curing {@q1}

Dungeon Overview and Level Annotations

Branches:
Dungeon (4/15)
 Temple: D:4-7

Altars:

Annotations:
D:3 1 runed translucent door, Crazy Yiuf

....#.....############# ###
..........# #......######.#
....#.....######....#........#
..#.^.........##...........#.#
# ##..........##....########.#
#......###....##....# #.#
#..)...###...(....#.# #.#
#......##......O.##.# #.#
........^..#####@.#.# #.#
$......##### #..#.## #.#
....?..# ##.....#### #.#
....... ##.........# #.####
..........# #....#
###.#.......####.....
#...#........##......
#.##.........##......
#........))......)...


You could see a two-headed ogre (swift).


Message History

The two-headed ogre's lost momentum returns!
Okay, then.
Unknown command.
Unknown command.
Okay, then.
Unknown command.
Unknown command.
Press: ? - help, v - describe, . - travel The floor.
Unknown command.
Unknown command.
Throw: 4 large rocks {=f}
Press: ? - help, Q - select action, (/) - cycle Shift-Dir - straight line, f/p - two-headed ogre
Aim: a two-headed ogre, wielding two +0 giant clubs (lightly wounded, covering ground quickly, chance to call a sprite on attack: 30%, 71% to hit)
You throw a large rock {=f}.
The large rock {=f} hits the two-headed ogre.
The two-headed ogre is lightly wounded.
The jinxing sprites lose interest in you.
Throw: 3 large rocks {=f}
Press: ? - help, Q - select action, (/) - cycle Shift-Dir - straight line, f/p - two-headed ogre
Aim: a two-headed ogre, wielding two +0 giant clubs (lightly wounded, covering ground quickly, 71% to hit)
You throw a large rock {=f}.
The large rock {=f} hits the two-headed ogre!
The two-headed ogre is moderately wounded.
The two-headed ogre hits you with a +0 giant club!! x2
* * * LOW HITPOINT WARNING * * *
The two-headed ogre hits you with a +0 giant club!
* * * LOW HITPOINT WARNING * * *
The two-headed ogre hits you with a +0 giant club.
You die...

Skill      XL: |  1  2  3  4  5  6  7 |
---------------+----------------------+-----
Dodging        | 2 |  2.3
Hexes          | 3 4 5 |  5.0
Ranged Weapons | 3 |  3.7
Fighting       | 2 3 |  3.2
Stealth        | 1 |  1.5
Translocations | 1 |  1.7
Spellcasting   | |  1.2
Fire Magic     | |  0.8

Action                     |  1- 3 |  4- 6 |  7- 9 || total
---------------------------+-------+-------+-------++-------
   Fire: Sling             |    79 |   106 |    31 ||   216
  Throw: Dart              |     1 |       |       ||     1
         Large rock        |       |       |     2 ||     2
   Cast: Jinxbite          |    20 |    35 |     6 ||    61
         Sigil of Binding  |       |       |     1 ||     1
    Use: Scroll            |       |     7 |       ||     7
 Armour: Robe              |    17 |    37 |    18 ||    72
  Dodge: Dodged            |    17 |    24 |    10 ||    51

Levels and vault maps discovered:
D:1:      lemuel_arrival_hallway, layout_rooms, serial_bayou_pond_b,
          chequers_serial_rivers_marsh, minmay_worlds_worst_comb
D:2:      layout_basic, chequers_mini_garden, st_stairs_12, uniq_sigmund
D:3:      layout_loops_corners, uniq_crazy_yiuf_cottage, uniq_jessica
D:4:      layout_rooms, pdpol_wu_jian_five_deadly_venoms,
          lemuel_coloured_pillars_altar

Notes
Turn   | Place    | Note
-------+----------+-------------------------------------------
     0 | D:1      | Xpym the Oni Hexslinger began the quest for the Orb.
     0 | D:1      | Reached XP level 1. HP: 19/19 MP: 2/2
    49 | D:1      | Reached skill level 2 in Dodging
    76 | D:1      | Reached XP level 2. HP: 25/27 MP: 3/3
    79 | D:1      | Learned a level 2 spell: Jinxbite
   304 | D:1      | Reached skill level 3 in Hexes
   516 | D:1      | Reached XP level 3. HP: 33/33 MP: 1/4
   719 | D:1      | Reached skill level 2 in Ranged Weapons
  1232 | D:2      | Noticed Sigmund
  1238 | D:2      | Killed Sigmund
  1239 | D:2      | Reached skill level 3 in Ranged Weapons
  1239 | D:2      | Reached skill level 4 in Hexes
  1239 | D:2      | Reached XP level 4. HP: 37/41 MP: 2/5
  1239 | D:2      | Reached XP level 5. HP: 44/48 MP: 2/6
  1345 | D:2      | Reached XP level 6. HP: 55/55 MP: 4/7
  2074 | D:3      | Learned a level 3 spell: Sigil of Binding
  2389 | D:3      | Noticed Jessica
  2394 | D:3      | Killed Jessica
  2856 | D:3      | Reached skill level 2 in Fighting
  3144 | D:3      | Found a runed translucent door.
  3145 | D:3      | Noticed Crazy Yiuf
  3429 | D:4      | Noticed a black bear
  3650 | D:4      | Noticed a two-headed ogre
  3782 | D:4      | Noticed a black bear
  3901 | D:4      | Killed a black bear
  3902 | D:4      | Reached skill level 1 in Stealth
  3902 | D:4      | Reached skill level 1 in Translocations
  3902 | D:4      | Reached XP level 7. HP: 56/66 MP: 5/8
  3923 | D:4      | Reached skill level 3 in Fighting
  3923 | D:4      | Reached skill level 5 in Hexes
  4098 | D:4      | HP: 4/67 [two-headed ogre/+0 giant club (9)]
  4098 | D:4      | Slain by a two-headed ogre

Vanquished Creatures
  Sigmund (D:2)
  2 black bears (D:4)
  A scorpion (D:4)
  Jessica (D:3)
  An iguana (D:3)
  6 gnolls
  3 adders
  2 ribbon worms (D:2)
  2 dart slugs
  3 orcs (D:3)
  7 endoplasms
  7 giant cockroaches
  13 goblins
  2 hobgoblins
  7 jackals
  5 quokkas
  9 ball pythons
  4 bats
  2 frilled lizards (D:1)
  10 kobolds
  2 rats (D:1)
90 creatures vanquished.

Table legend: (Time is in decaauts)
 A = Elapsed time spent in this place.
 B = Non-inter-level travel time spent in this place.
 C = Inter-level travel time spent in this place.
 D = Time resting spent in this place.
 E = Time spent auto-exploring this place.
 F = Levels seen in this place.
 G = Mean time per level.
                   A        B        C        D        E       F      G
               +--------+--------+--------+--------+--------+-----+--------+
         Total |   4160 |   3599 |    561 |    150 |   2851 |   4 | 1040.0 |
       Dungeon |   4160 |   3599 |    561 |    150 |   2851 |   4 | 1040.0 |
               +--------+--------+--------+--------+--------+-----+--------+

Top non-repeatable levels by time:
     D:3: 1798 daAuts
     D:2: 1242 daAuts
     D:1: 920 daAuts
     D:4: 199 daAuts

Table legend:
 A = Non-vault XP
 B = Vault XP
 C = Vault XP percentage of total XP
 D = Non-vault monster count
 E = Vault monster count
 F = Vault count percentage of total count
                 A         B        C        D         E       F
            +---------+---------+-------+---------+---------+-------
      Total |     646 |     268 |  29.3 |      84 |       6 |   6.7
            +---------+---------+-------+---------+---------+-------
        D:1 |      39 |       8 |  17.0 |      24 |       4 |  14.3
        D:2 |      74 |     223 |  75.1 |      24 |       1 |   4.0
        D:3 |     144 |      37 |  20.4 |      25 |       1 |   3.8
        D:4 |     389 |       0 |   0.0 |      11 |       0 |   0.0
            +---------+---------+-------+---------+---------+-------
